 Dungeon Crawl Stone Soup version 0.31-a0-233-g139696dc86 (webtiles) character file.

Game seed: 2119126992610602051

82 Decritt the Trooper (level 4, 0/29 HPs)
             Began as a Gargoyle Fighter on July 9, 2023.
             Killed by divine providence
             ... invoked by an orc priest
              (11 damage)
             ... on level 3 of the Dungeon.
             The game lasted 00:02:46 (1769 turns).

Decritt the Trooper (Gargoyle Fighter)              Turns: 1769, Time: 00:02:46

Health: 0/29       AC: 11    Str: 21    XL:     4   Next: 43%
Magic:  4/4        EV:  9    Int:  9    God:
Gold:   59         SH:  4    Dex:  9    Spells: 3/3 levels left

rFire   . . .        a - +0 flail
rCold   . . .        c - +0 buckler
rNeg    + . .        b - +0 scale mail
rPois   ∞            (no helmet)
rElec   +            (no cloak)
rCorr   .            g - +0 pair of gloves
SInv    .            (no boots)
Will    .....        (no amulet) Stlth
                     (no ring)
HPRegen 0.24/turn    (no ring)
MPRegen 0.09/turn

%: no passive effects
@: no status effects
A: sickness immunity, AC +3, negative energy resistance 1, electricity
resistance, torment resistance 1, petrification resistance
a: no special abilities


You were on level 3 of the Dungeon.
You visited 1 branch of the dungeon, and saw 3 of its levels.

You collected 143 gold pieces.
You spent 84 gold pieces at shops.

Inventory:

Hand Weapons
 a - a +0 flail (weapon)
Armour
 b - a +0 scale mail (worn)
 c - a +0 buckler (worn)
 g - a +0 pair of gloves (worn)
Scrolls
 f - 4 scrolls of identify {unknown}
 i - 2 scrolls of teleportation {unknown}
 j - a scroll of fog {unknown}
 k - a scroll of enchant weapon {unknown}
Potions
 d - a potion of might
 e - 3 potions of attraction {unknown}
 h - a potion of curing {unknown}


   Skills:
 * Level 4.2 Fighting
 * Level 3.0 Maces & Flails
 + Level 3.7 Armour
 + Level 3.7 Shields


You had 3 spell levels left.
You didn't know any spells.
Your spell library was empty.

Dungeon Overview and Level Annotations

Branches:
Dungeon (3/15)

Altars:

Shops:
D:2 *[


Innate Abilities, Weirdness & Mutations

You are immune to sickness and miasma.
Your stone body is resilient. (AC +3)
You are immune to poison.
You resist negative energy. (rN+)
You are resistant to electric shocks. (rElec)
You are resistant to unholy torment.
You are immune to petrification.


Message History

You thump the bat!
You kill the bat!
No target in view!
No target in view!
There is an open door here.
Done exploring.
Done exploring.
(D) Dungeon
Where to? (Enter - D:2, ? - help)
There is a stone staircase leading down here.
You climb downwards.
There is a stone staircase leading up here.
An orc priest and an orc come into view.
The orc priest is wielding a +1 falchion of holy wrath.
The orc priest shouts!
The orc shouts!
A goblin comes into view. It is wielding a +0 dagger.
There are monsters nearby!
An orc comes into view. It is wielding a +0 club.
Found a scroll labelled WOMO MADIUNUN.
The orc shouts!
The orc moves out of view.
An orc comes into view. It is wielding a +0 dagger.
The orc moves out of view.
An orc priest comes into view. It is wielding a +0 club.
The orc priest shouts!
The orc priest invokes the aid of Beogh against you.
Beogh smites you! The orc priest barely misses you.
The goblin hits you but does no damage.
You hit the orc priest.
The orc priest is moderately wounded.
You block the orc's attack.
The orc priest invokes the aid of Beogh against you.
Pain shoots through your body!
* * * LOW HITPOINT WARNING * * *
The goblin hits you but does no damage. The orc hits you but does no damage.
The orc priest attacks as you move away!
You block the orc priest's attack.
The orc priest mumbles some strange prayers to Beogh against you.
Beogh smites you!
You die...

#..#. ...#
#...##..#
#....#..#
#......###
#........#
##.......#
#...<.# #...#.##
###....@.#####..
.......#o.......
.~~..♣.o.######..
#~♣~.~≈.g....#
#~~...~.o....#
~..♣.~......#
♣#≈.≈o........
♣~..~......###
.o≈..~......#


You could see 2 orc priests and an orc.

Vanquished Creatures
  2 adders (D:2)
  2 worms (D:2)
  A dart slug (D:1)
  An orc (D:2)
  8 ball pythons
  An endoplasm (D:1)
  2 giant cockroaches
  5 goblins
  6 hobgoblins
  2 jackals (D:2)
  5 kobolds
  2 quokkas
  6 bats
  3 frilled lizards
  7 rats
  A spectral kobold (D:1)
54 creatures vanquished.

Notes
Turn   | Place    | Note
-------+----------+-------------------------------------------
     0 | D:1      | Decritt the Gargoyle Fighter began the quest for the Orb.
     0 | D:1      | Reached XP level 1. HP: 14/14 MP: 1/1
   136 | D:1      | Reached XP level 2. HP: 19/19 MP: 2/2
   450 | D:1      | Found a faded altar of an unknown god.
   458 | D:1      | Reached XP level 3. HP: 24/24 MP: 3/3
   981 | D:2      | Reached skill level 4 in Fighting
  1013 | D:2      | Found Duusel's Armour Shoppe.
  1041 | D:2      | Reached XP level 4. HP: 9/29 MP: 4/4
  1409 | D:2      | Found Qurphor's Assorted Antiques.
  1419 | D:2      | Bought a scroll labelled KOW EZYATUO for 21 gold pieces
  1419 | D:2      | Bought a scroll labelled KOW EZYATUO for 21 gold pieces
  1419 | D:2      | Bought a scroll labelled XICOTSEUHY for 21 gold pieces
  1419 | D:2      | Bought a scroll labelled SULIOST FEIWNONO for 21 gold
                  | pieces
  1769 | D:3      | Killed from afar by an orc priest

Illustrated notes

Levels and vault maps discovered:
D:1:      nzn_arrival_settlement, layout_basic,
          dreamdust_ecumenical_altar_drowned_temple
D:2:      layout_basic, serial_shops, shop, nicolae_shop_window_shopping
D:3:      layout_rooms, nicolae_kite_square_tiling_tiny, glass_columns_a,
          chequers_serial_rivers_marsh, uniq_crazy_yiuf_cottage

Skill      XL: |  1  2  3  4 |
---------------+-------------+-----
Fighting       | 4 |  4.2
Maces & Flails | 3 |  3.0
Armour         | |  3.7
Shields        | |  3.7

Action                     |  1- 3 |  4- 6 || total
---------------------------+-------+-------++-------
  Melee: Flail             |   105 |    40 ||   145
 Armour: Scale mail        |    66 |    19 ||    85
  Dodge: Dodged            |    46 |    19 ||    65
  Block: Buckler           |    25 |     6 ||    31

Table legend: (Time is in decaauts)
 A = Elapsed time spent in this place.
 B = Non-inter-level travel time spent in this place.
 C = Inter-level travel time spent in this place.
 D = Time resting spent in this place.
 E = Time spent auto-exploring this place.
 F = Levels seen in this place.
 G = Mean time per level.
                   A        B        C        D        E       F      G
               +--------+--------+--------+--------+--------+-----+--------+
         Total |   1818 |   1771 |     47 |     92 |   1280 |   3 |  606.0 |
       Dungeon |   1818 |   1771 |     47 |     92 |   1280 |   3 |  606.0 |
               +--------+--------+--------+--------+--------+-----+--------+

Top non-repeatable levels by time:
     D:2: 960 daAuts
     D:1: 844 daAuts
     D:3: 14 daAuts
